AoeStats
← anil44

Arena

509750044Analyzed
4v4 RM · 4d ago on Sep 27, 2026· 70m 49s· 8 players
Game mode
Random Map
Map size
Large (8 player)
Population
200
Speed
Normal
Resources
Standard
Victory
Conquest
Starting age
Dark Age
Ending age
Imperial Age
RankedLock teamsTeams togetherTeam positionsShared explorationLock speedFull tech treeHidden civsTurbo modeCheats
Victory
Defeat
726
+11
🇦🇷 Shu · Argentina
690
+16
🇺🇸 Goths · United States
679
+13
🇦🇷 Dravidians · Argentina
501
+20
🇩🇪 Koreans · Germany
819
-64
🇬🇧 Huns · United Kingdom
642
-26
🇩🇪 Turks · Germany
502
-10
🇩🇪 Britons · Germany
497
-10
DerdonOhneKlarnamen
10:42 Feudal Age
11:58 Wheelbarrow
11:12 Double-Bit Axe
11:14 Horse Collar
13:19 Gold Mining
22:41 Castle Age
21:16 Padded Archer Armor
21:07 Fletching
21:18 Stone Mining
23:44 Hand Cart
23:41 Bow Saw
23:52 Heavy Plow
28:34 Gold Shaft Mining
38:54 Imperial Age
39:01 Leather Archer Armor
47:20 Sanctity
47:15 Caravan
46:59 Elite Janissary
47:54 Bodkin Arrow
54:34 Two-Man Saw
54:29 Ring Archer Armor
anil44
0:48 Loom
12:20 Feudal Age
13:53 Town Watch
14:44 Wheelbarrow
15:35 Double-Bit Axe
16:19 Stone Mining
17:16 Man-at-Arms
25:44 Gold Mining
25:44 Horse Collar
30:45 Fletching
32:17 Bloodlines
33:07 Padded Archer Armor
33:19 Forging
33:10 Scale Mail Armor
33:17 Scale Barding Armor
38:50 Castle Age
40:57 Elite Skirmisher
40:58 Crossbowman
41:44 Thumb Ring
41:13 Pikeman
41:14 Long Swordsman
41:55 Squires
42:00 Husbandry
41:20 Light Cavalry
47:50 Hand Cart
50:33 Marauders
51:51 Gold Shaft Mining
51:49 Chain Barding Armor
56:59 Leather Archer Armor
56:40 Bodkin Arrow
57:21 Iron Casting
57:02 Chain Mail Armor
Келлог
4:47 Loom
14:05 Feudal Age
14:35 Double-Bit Axe
14:41 Horse Collar
17:32 Gold Mining
17:33 Stone Mining
17:36 Gold Mining
23:55 Castle Age
24:43 Heavy Plow
24:56 Bow Saw
25:30 Gold Shaft Mining
25:07 Padded Archer Armor
24:58 Fletching
26:38 Wheelbarrow
26:58 Yeomen
28:29 Ballistics
28:07 Bodkin Arrow
29:18 Leather Archer Armor
30:08 Caravan
30:41 Coinage
34:54 Imperial Age
39:06 Two-Man Saw
39:18 Chemistry
38:20 Bracer
38:51 Ring Archer Armor
39:27 Elite Longbowman
39:38 Elite Longbowman
48:29 Masonry
54:31 Sanctity
63:02 Architecture
drache
8:51 Loom
10:51 Feudal Age
13:36 Horse Collar
15:30 Gold Mining
15:31 Stone Mining
16:55 Double-Bit Axe
22:23 Castle Age
20:58 Fletching
22:45 Crossbowman
23:59 Bow Saw
25:24 Gold Shaft Mining
26:46 Stone Shaft Mining
29:46 Bodkin Arrow
30:16 Thumb Ring
32:59 Heavy Plow
37:39 Imperial Age
40:05 Two-Man Saw
39:26 Arbalester
41:37 Bracer
46:40 Elite War Wagon
54:40 Shinkichon
61:32 Eupseong
RESIST
5:36 Loom
11:25 Feudal Age
12:44 Double-Bit Axe
13:39 Wheelbarrow
17:59 Castle Age
19:10 Bow Saw
24:02 Hand Cart
24:38 Horse Collar
25:40 Town Watch
27:45 Heavy Plow
30:12 Gold Mining
30:13 Stone Mining
34:14 Imperial Age
32:59 Stone Shaft Mining
32:44 Squires
33:32 Anarchy
33:20 Pikeman
33:20 Man-at-Arms
34:16 Murder Holes
34:42 Ballistics
34:03 Treadmill Crane
34:34 Masonry
34:43 Forging
35:59 Conscription
36:47 Chemistry
35:57 Town Patrol
37:06 Iron Casting
36:21 Fletching
38:30 Two-Man Saw
38:08 Crop Rotation
37:55 Perfusion
40:04 Blast Furnace
39:00 Bodkin Arrow
39:06 Scale Mail Armor
39:58 Padded Archer Armor
40:03 Halberdier
40:11 Onager
40:29 Elite Skirmisher
41:42 Bracer
41:48 Scale Barding Armor
41:50 Onager
45:51 Elite Huskarl
46:54 Chain Mail Armor
54:06 Sanctity
53:58 Fervor
55:25 Architecture
63:36 Caravan
67:16 Capped Ram
67:18 Heavy Scorpion
TUNG TUNG TUNG TUNG TUNG SAHUR
6:18 Loom
8:05 Loom
10:20 Feudal Age
10:46 Double-Bit Axe
10:42 Horse Collar
11:18 Arson
14:25 Stone Mining
14:25 Gold Mining
14:31 Gold Mining
15:27 Wheelbarrow
20:20 Castle Age
18:34 Man-at-Arms
19:44 Forging
19:08 Man-at-Arms
20:42 Scale Mail Armor
20:43 Long Swordsman
22:48 Heavy Plow
23:00 Bow Saw
23:22 Hand Cart
25:33 Fervor
27:28 Caravan
33:20 Imperial Age
35:07 Two-Man Saw
34:14 Stone Mining
35:16 Onager
37:05 Guilds
37:28 Town Watch
41:53 Elite Conquistador
44:12 Conscription
44:18 Scale Barding Armor
44:52 Bloodlines
44:43 Husbandry
44:50 Husbandry
46:00 Chain Barding Armor
46:48 Fletching
46:58 Padded Archer Armor
47:49 Hoardings
48:22 Chemistry
47:46 Ballistics
47:38 Masonry
47:54 Ballistics
48:00 Thumb Ring
47:15 Elite Skirmisher
48:46 Murder Holes
49:02 Masonry
49:09 Fortified Wall
49:21 Bodkin Arrow
49:41 Leather Archer Armor
49:21 Bodkin Arrow
49:51 Leather Archer Armor
50:46 Town Patrol
51:03 Bracer
51:33 Ring Archer Armor
51:54 Supremacy
51:05 Sappers
52:33 Plate Barding Armor
54:23 Architecture
56:11 Stone Shaft Mining
55:33 Two-Handed Swordsman
55:33 Pikeman
55:59 Gambesons
56:14 Squires
60:35 Cavalier
63:58 Paladin
67:10 Inquisition
Alva
7:38 Loom
10:12 Feudal Age
10:46 Town Watch
11:25 Horse Collar
11:35 Double-Bit Axe
20:02 Castle Age
21:14 Bow Saw
21:16 Town Patrol
21:59 Wheelbarrow
23:48 Heavy Plow
27:18 Hand Cart
30:12 Caravan
34:42 Imperial Age
34:11 Padded Archer Armor
34:02 Fletching
34:13 Scale Mail Armor
36:11 Elite Skirmisher
36:12 Crossbowman
37:00 Thumb Ring
37:16 Leather Archer Armor
36:57 Bodkin Arrow
37:54 Masonry
37:24 Treadmill Crane
37:40 Murder Holes
38:46 Chemistry
37:57 Fortified Wall
38:01 Arbalester
40:22 Architecture
42:29 Ring Archer Armor
41:59 Bracer
42:30 Bolt Magazine
43:13 Hoardings
43:00 Conscription
44:05 Ballistics
ezequielb89
1:04 Loom
13:59 Feudal Age
14:29 Horse Collar
15:31 Wheelbarrow
14:43 Town Watch
14:51 Double-Bit Axe
16:08 Gold Mining
16:12 Stone Mining
25:22 Castle Age
26:27 Hand Cart
26:24 Town Patrol
27:57 Heavy Plow
29:29 Bow Saw
32:06 Squires
31:53 Gambesons
31:30 Pikeman
31:31 Man-at-Arms
31:57 Arson
31:37 Elite Skirmisher
32:20 Husbandry
33:50 Light Cavalry
34:46 Padded Archer Armor
35:45 Leather Archer Armor
35:50 Long Swordsman
36:00 Crossbowman
37:44 Forging
40:57 Imperial Age
41:04 Thumb Ring
41:53 Guard Tower
42:25 Ballistics
42:45 Scale Mail Armor
42:51 Scale Barding Armor
46:10 Halberdier
46:11 Two-Handed Swordsman
46:15 Arbalester
47:37 Ring Archer Armor
49:19 Champion
54:25 Keep
54:51 Chemistry
53:46 Fletching
58:10 Chain Mail Armor
58:16 Chain Barding Armor
57:52 Bodkin Arrow
58:33 Iron Casting
63:14 Arrowslits
65:29 Plate Mail Armor
Connection lost

Rejoining the realm…

Still unreachable

The connection could not be restored.

Session expired

The server has moved on; the page needs a fresh start.